AoeStats
← BananaPortControl

Fortress

510166699Analyzed
4v4 RM · 4d ago on Sep 29, 2026· 41m 2s· 8 players
Game mode
Random Map
Map size
Huge
Population
200
Speed
Normal
Resources
Standard
Victory
Conquest
Starting age
Dark Age
Ending age
Imperial Age
RankedLock teamsTeams togetherTeam positionsShared explorationLock speedFull tech treeHidden civsTurbo modeCheats
Victory
Defeat
🇹🇷 Poles · Türkiye
1058
+12
🇹🇷 Goths · Türkiye
1000
+15
🇹🇷 Bengalis · Türkiye
997
+15
🇹🇷 Vietnamese · Türkiye
982
+15
🇦🇷 Britons · Argentina
1004
-16
🇫🇷 Wei · France
1004
-16
🇬🇧 Italians · United Kingdom
951
-13
🇩🇪 Berbers · Germany
921
-12
maximo XI
0:32 Loom
10:06 Feudal Age
11:11 Horse Collar
11:22 Double-Bit Axe
13:45 Gold Mining
14:13 Stone Mining
15:53 Town Watch
19:36 Castle Age
20:42 Bow Saw
26:50 Imperial Age
26:13 Gold Shaft Mining
25:43 Heavy Plow
26:35 Caravan
28:18 Pikeman
28:58 Squires
28:44 Arson
28:44 Gambesons
28:54 Fletching
29:05 Scale Mail Armor
29:15 Forging
29:07 Padded Archer Armor
30:51 Two-Man Saw
29:35 Crossbowman
31:02 Fortified Wall
31:39 Wheelbarrow
32:34 Arbalester
33:22 Murder Holes
35:17 Chemistry
34:38 Ballistics
34:19 Bodkin Arrow
40:12 Masonry
The punisher 69
1:22 Loom
10:57 Feudal Age
11:24 Double-Bit Axe
12:11 Horse Collar
13:25 Gold Mining
13:30 Stone Mining
14:30 Wheelbarrow
13:40 Town Watch
17:58 Castle Age
16:14 Bloodlines
16:53 Forging
16:58 Scale Barding Armor
18:56 Bow Saw
19:00 Heavy Plow
20:33 Gold Shaft Mining
21:05 Stone Shaft Mining
20:45 Tuntian
21:05 Husbandry
23:54 Hand Cart
25:34 Iron Casting
25:20 Chain Barding Armor
26:11 Fletching
27:03 Fortified Wall
26:49 Murder Holes
31:37 Imperial Age
30:35 Ballistics
31:05 Caravan
32:42 Conscription
32:50 Ming Guang Armor
33:46 Elite Tiger Cavalry
39:19 Hoardings
Mistăr
0:40 Loom
7:34 Feudal Age
8:15 Double-Bit Axe
8:13 Horse Collar
15:10 Castle Age
13:19 Gold Mining
13:26 Stone Mining
13:31 Arson
14:43 Forging
14:38 Scale Barding Armor
15:02 Fletching
16:37 Bow Saw
17:24 Heavy Plow
18:46 Wheelbarrow
23:52 Imperial Age
22:16 Kasbah
22:21 Husbandry
24:49 Bloodlines
24:01 Light Cavalry
25:15 Conscription
25:27 Treadmill Crane
28:44 Gold Shaft Mining
31:21 Hand Cart
32:43 Chemistry
31:53 Thumb Ring
31:19 Capped Ram
32:32 Masonry
33:32 Bodkin Arrow
34:33 Iron Casting
34:19 Chain Barding Armor
33:47 Heavy Camel Rider
35:24 Elite Skirmisher
36:36 Fortified Wall
35:56 Hussar
37:21 Elite Camel Archer
37:36 Cavalier
38:18 Caravan
kuro3bb
7:36 Feudal Age
9:03 Wheelbarrow
8:14 Double-Bit Axe
12:37 Castle Age
15:13 Bow Saw
14:45 Horse Collar
18:30 Stone Mining
19:49 Hand Cart
22:37 Forging
22:51 Treadmill Crane
23:25 Fortified Wall
24:07 Pikeman
24:48 Squires
25:24 Iron Casting
24:50 Scale Mail Armor
25:37 Heavy Plow
30:41 Imperial Age
29:16 Ballistics
28:47 Heated Shot
29:13 Masonry
30:23 Chain Mail Armor
29:59 Fletching
30:09 Padded Archer Armor
31:09 Onager
32:25 Conscription
32:27 Thumb Ring
31:46 Elite Skirmisher
36:55 Chemistry
37:45 Pirotechnia
Manwë
7:15 Feudal Age
11:18 Castle Age
10:11 Double-Bit Axe
13:24 Bow Saw
13:03 Horse Collar
16:41 Loom
17:33 Wheelbarrow
18:45 Hand Cart
23:21 Stone Mining
23:26 Gold Mining
24:26 Caravan
27:38 Imperial Age
26:27 Bloodlines
27:56 Fletching
28:07 Padded Archer Armor
29:07 Scale Barding Armor
28:59 Bodkin Arrow
29:22 Elite Elephant Archer
30:21 Leather Archer Armor
30:45 Ballistics
31:48 Bracer
32:21 Ring Archer Armor
33:21 Conscription
37:23 Heavy Plow
ERKAN TEK
7:57 Feudal Age
11:36 Castle Age
10:48 Double-Bit Axe
10:45 Horse Collar
12:47 Loom
13:41 Wheelbarrow
20:23 Gold Mining
26:28 Imperial Age
23:45 Town Watch
24:22 Hand Cart
24:17 Scale Barding Armor
24:22 Forging
24:34 Caravan
26:06 Stone Mining
26:48 Fletching
26:59 Padded Archer Armor
27:09 Forging
27:08 Heavy Plow
28:28 Chain Barding Armor
28:11 Scale Mail Armor
28:34 Conscription
31:10 Bow Saw
33:52 Bloodlines
33:02 Light Cavalry
36:24 Chain Mail Armor
36:45 Iron Casting
36:51 Crop Rotation
37:02 Iron Casting
35:52 Elite Obuch
36:39 Winged Hussar
38:07 Husbandry
38:59 Capped Ram
40:30 Chain Barding Armor
41:11 Blast Furnace
BananaPortControl
7:23 Feudal Age
12:13 Castle Age
11:09 Double-Bit Axe
13:27 Bow Saw
13:01 Horse Collar
19:21 Heavy Plow
25:39 Imperial Age
23:45 Wheelbarrow
22:55 Town Watch
23:00 Loom
23:41 Forging
23:32 Scale Mail Armor
23:37 Scale Barding Armor
24:19 Chatras
24:59 Iron Casting
24:15 Fletching
24:25 Padded Archer Armor
25:21 Gold Mining
25:21 Stone Mining
26:14 Chain Mail Armor
26:20 Chain Barding Armor
26:40 Paper Money
28:00 Two-Man Saw
27:17 Hand Cart
27:03 Town Patrol
28:57 Leather Archer Armor
28:37 Bodkin Arrow
28:12 Elite Skirmisher
29:28 Imperial Skirmisher
32:23 Ballistics
33:03 Chemistry
33:21 Ring Archer Armor
32:51 Bracer
33:21 Plate Mail Armor
34:18 Squires
33:38 Pikeman
35:55 Crop Rotation
35:07 Halberdier
36:36 Plate Barding Armor
39:36 Bombard Tower
39:07 Heated Shot
RABELYAS
7:55 Feudal Age
11:42 Castle Age
11:04 Loom
11:27 Double-Bit Axe
13:40 Bow Saw
13:16 Horse Collar
19:29 Gold Mining
21:07 Wheelbarrow
20:44 Heavy Plow
25:37 Imperial Age
23:35 Anarchy
25:28 Forging
25:18 Scale Mail Armor
25:24 Squires
24:46 Pikeman
26:02 Hand Cart
26:04 Scale Barding Armor
26:45 Town Watch
27:38 Iron Casting
27:18 Chain Mail Armor
27:50 Conscription
27:56 Halberdier
29:14 Elite Huskarl
31:35 Blast Furnace
33:04 Caravan
35:08 Scale Barding Armor
34:54 Fletching
35:04 Padded Archer Armor
Connection lost

Rejoining the realm…

Still unreachable

The connection could not be restored.

Session expired

The server has moved on; the page needs a fresh start.